 Dungeon Crawl Stone Soup version 0.17.0-26-gececa24 (webtiles) character file.

141 swanee the Skirmisher (level 5, -3/42 HPs)
             Began as a Mummy Wanderer on Nov 20, 2015.
             Slain by a worm (9 damage)
             ... on level 4 of the Dungeon.
             The game lasted 00:11:58 (3900 turns).

swanee the Skirmisher (Mummy Wanderer)              Turns: 3900, Time: 00:11:59

Health: -3/42      AC:  6    Str: 15    XL:     5   Next: 3%
Magic:  7/7        EV:  8    Int: 14    God:
Gold:   153        SH:  7    Dex: 10    Spells: 0 memorised, 6 levels left

rFire  x . .     SeeInvis .     p - +0 hand axe (curse)
rCold  + . .     Clarity  .     t - +0 ring mail
rNeg   + + +     SustAt   .     j - +0 shield
rPois  ∞         Gourm    .     (no helmet)
rElec  .         Spirit   .     (no cloak)
rCorr  .         Warding  .     (no gloves)
rMut   .         Stasis   .     u - +0 pair of boots
MR     .....                    (no amulet)
Stlth  +.........               (no ring)
                                (no ring)

@: not resistant to hostile enchantments, very unstealthy
A: no food or potions, fire vulnerability, cold resistance 1, negative energy
resistance 3, torment resistance, unbreathing
a: no special abilities


You were on level 4 of the Dungeon.
You were not hungry.

You visited 1 branch of the dungeon, and saw 4 of its levels.

You collected 153 gold pieces.

Inventory:

Hand Weapons
 a - a +0 mace
 b - a +2 blowgun
 m - a +0 spear
 n - a +0 mace
 o - a +0 spear
 p - a cursed +0 hand axe (weapon)
 q - a +0 falchion
 s - a +2 dagger of speed
 z - a +0 quarterstaff
Missiles
 c - 3 curare-tipped needles
 f - 96 stones (quivered)
 v - 37 bolts
 w - 17 arrows
 A - 8 poisoned needles
Armour
 e - a +0 robe
 g - a +0 buckler
 j - a +0 shield (worn)
 t - a +0 ring mail (worn)
 u - a +0 pair of boots (worn)
Wands
 x - a wand of confusion (0)
Scrolls
 d - a scroll of teleportation
 h - a scroll of fear {unknown}
 i - 5 scrolls of identify
 k - 3 scrolls of remove curse
 l - a scroll of blinking {unknown}
 r - a scroll of recharging {unknown}
 y - a scroll of random uselessness {unknown}


   Skills:
 - Level 4.0 Fighting
 - Level 1.5 Maces & Flails
 - Level 1.5 Throwing
 + Level 1.7 Armour
 * Level 2.8 Dodging
 * Level 1.0 Stealth
 + Level 1.1 Shields
 * Level 1.4 Spellcasting


You had 6 spell levels left.
You didn't know any spells.

Dungeon Overview and Level Annotations

Branches:
Dungeon (4/15)
 Temple: D:4-7

Altars:
Ashenzari
Fedhas
Okawaru
Xom
Zin

Annotations:
D:4 jlc4533's ghost, amateur HuWn


Innate Abilities, Weirdness & Mutations

You do not eat or drink.
Your flesh is vulnerable to fire.
You are immune to poison.
Your flesh is cold resistant.
You are immune to negative energy.
You are immune to unholy pain and torment.
You can survive without breathing.


Message History

You throw a stone. The stone hits the worm.
The worm is lightly wounded.
You miss the phantom.
The phantom is heavily damaged.
The phantom hits you.
You hit the worm.
The worm is moderately wounded.
You barely miss the phantom.
The phantom is heavily damaged.
The phantom hits you.
* * * LOW HITPOINT WARNING * * *
The phantom closely misses you. You block the worm's attack.
You barely miss the worm.
The worm is moderately wounded.
You hit the phantom.
The phantom is heavily damaged.
The phantom hits you.
* * * LOW HITPOINT WARNING * * *
The worm bites you!
You die...

.........# #.
#### ......(((#
#.####..
....(....#
#.#....#
.....(...# #
#......#
$.......(# .##
#.....##
......(.(##..###
#.....'.
..$....(((.....#
#.....##
.......Ww.(..!.#
#.....##
........@......#
#....†#.
..............(#
#.....#.
........[......#
#.....#.
..............(#
#.....#.
..............#
#.....#.
.......(...(..#
#.....#.
..............#
#.....#.
.......(......#
#.#####. #.# #.


You could see a phantom and a worm.

Vanquished Creatures
  Ijyb (D:2)
  A hound skeleton (D:4)
  4 adders
  An ooze (D:2)
  2 worms
  An orc (D:3)
  A ball python (D:3)
  5 bats
  2 giant cockroaches (D:1)
  7 hobgoblins
  8 kobolds
  A giant gecko skeleton (D:4)
  3 giant newts
  4 goblins
  8 jackals
  3 quokkas
  4 rats
56 creatures vanquished.

Notes
Turn   | Place    | Note
--------------------------------------------------------------
     0 | D:1      | swanee the Mummy Wanderer began the quest for the Orb.
     0 | D:1      | swanee set off with: 3 curare-tipped needles, a +2 blowgun, a +0 mace, a scroll of teleportation, a +0 robe
     0 | D:1      | Reached XP level 1. HP: 19/19 MP: 1/1
   171 | D:1      | Reached XP level 2. HP: 15/25 MP: 1/3
   184 | D:1      | Reached skill level 1 in Dodging
   445 | D:1      | Reached skill level 1 in Spellcasting
   915 | D:1      | Reached XP level 3. HP: 20/30 MP: 4/4
  1052 | D:2      | Found a shattered altar of Ashenzari.
  1481 | D:2      | Found a glowing silver altar of Zin.
  1613 | D:2      | Found a shimmering altar of Xom.
  1614 | D:2      | Found a shimmering altar of Xom.
  1615 | D:2      | Found a shimmering altar of Xom.
  1620 | D:2      | Found a shimmering altar of Xom.
  1690 | D:3      | Found an iron altar of Okawaru.
  1978 | D:3      | Reached XP level 4. HP: 28/37 MP: 5/5
  2835 | D:3      | Noticed Ijyb
  2937 | D:2      | Killed Ijyb
  2937 | D:2      | Reached skill level 1 in Stealth
  2937 | D:2      | Reached skill level 1 in Shields
  3282 | D:3      | Found a blossoming altar of Fedhas.
  3461 | D:4      | Reached XP level 5. HP: 42/42 MP: 7/7
  3496 | D:4      | Noticed jlc4533's ghost (amateur HuWn)
  3859 | D:4      | Noticed a phantom
  3900 | D:4      | Slain by a worm

Action                   |  1- 3 |  4- 6 || total
-------------------------+-------+-------++-------
Melee: Mace              |   123 |   107 ||   230
       Hand axe          |       |    33 ||    33
 Fire: Blowgun           |     3 |       ||     3
Throw: Stone             |    41 |    38 ||    79
  Use: Scroll            |       |     3 ||     3
